 Dungeon Crawl Stone Soup version 0.31.0-11-ge490571c62 (webtiles) character file.

Game seed: 15124882517782678175

212 qw the Shooter (level 5, -2/26 HPs)
             Began as a Spriggan Hunter on Feb 5, 2024.
             Slain by a bullfrog (8 damage)
             ... in a sewer.
             The game lasted 00:00:08 (2119 turns).

qw the Shooter (Spriggan Hunter)                    Turns: 2119, Time: 00:00:09

Health: -2/26      AC:  3    Str:  7    XL:     5   Next: 58%
Magic:  6/6        EV: 17    Int: 10    God:
Gold:   188        SH:  0    Dex: 21    Spells: 4/4 levels left

rFire   . . .        a - +0 shortbow
rCold   . . .        (shield currently unavailable)
rNeg    + . .        c - +0 robe
rPois   .            (helmet restricted)
rElec   .            d - +0 cloak
rCorr   .            (gloves unavailable)
SInv    +            (boots unavailable)
Will    .....        (no amulet)
Stlth   +            f - ring of positive energy
HPRegen 0.24/turn    (no ring)
MPRegen 0.10/turn

%: no passive effects
@: constricted, slow
A: very small, no large weapons, unfitting armour, see invisible, speed 3
a: no special abilities


You were in a sewer.
You visited 1 branch of the dungeon, and saw 3 of its levels.
You also visited: Sewer.

You collected 188 gold pieces.


Innate Abilities, Weirdness & Mutations

You are very small and have problems with some larger weapons.
You are too small for most types of armour.
You have supernaturally acute eyesight. (SInv)
You cover ground extremely quickly. (Speed+++)


   Skills:
 - Level 2.0 Fighting
 + Level 5.9 Ranged Weapons
 - Level 5.0 Dodging
 - Level 1.5 Stealth


You had 4 spell levels left.
You didn't know any spells.
Your spell library was empty.

Inventory:

Hand Weapons
 a - a +0 shortbow (weapon)
Armour
 c - a +0 robe (worn)
 d - a +0 cloak (worn)
Jewellery
 f - a ring of positive energy (left hand)
Wands
 h - a wand of charming (9)
Scrolls
 g - a scroll of teleportation
 i - a scroll of fog {unknown}
Potions
 b - a potion of degeneration {unknown}
 e - 2 potions of heal wounds {unknown}
 j - a potion of berserk rage {unknown}
 k - a potion of might {unknown}
 l - a potion of ambrosia {unknown}

Dungeon Overview and Level Annotations

Branches:
Dungeon (3/15)              Sewer (1/1)

Altars:
Fedhas
Ru
Trog
Uskayaw
Wu Jian

Annotations:
D:3 3 runed translucent doors, qw's ghost, amateur DEHu; qw's ghost, amateur SpHu


Message History

The bullfrog is lightly wounded.
You shoot an arrow. The arrow barely misses the bullfrog.
The arrow barely misses the ball python.
The arrow hits the bullfrog!
The bullfrog is moderately wounded.
The bullfrog barely misses you.
You shoot an arrow. The arrow hits the bullfrog.
The bullfrog is moderately wounded.
The bullfrog closely misses you. The ball python barely misses you.
The ball python completely misses you. The bullfrog barely misses you.
The bullfrog hits you but does no damage.
You shoot an arrow. The arrow barely misses the bullfrog.
The bullfrog completely misses you. The bullfrog hits you.
The ball python bites you but does no damage.
The ball python completely misses you. The ball python closely misses you. x2
The bullfrog hits you. The bullfrog completely misses you.
You shoot an arrow. The arrow closely misses the bullfrog.
The ball python misses you. The ball python completely misses you.
The ball python bites you but does no damage.
The ball python grabs you. The ball python constricts you.
The bullfrog misses you. The bullfrog closely misses you.
The ball python closely misses you. The ball python constricts you.
The ball python closely misses you.
You shoot an arrow. The arrow hits the ball python.
You kill the ball python!
The bullfrog misses you. The bullfrog completely misses you. x3
The ball python closely misses you. The ball python misses you.
You shoot an arrow. The arrow hits the bullfrog!
The bullfrog is severely wounded.
The bullfrog hits you.
The bullfrog releases a deep croak.
The bullfrog misses you. The frilled lizard closely misses you.
The ball python completely misses you. The ball python closely misses you.
The bullfrog closely misses you. The bullfrog hits you.
You shoot an arrow. The arrow closely misses the bullfrog.
The bullfrog hits you.
The ball python bites you but does no damage.
The ball python grabs you. The ball python constricts you.
The frilled lizard barely misses you. The bullfrog hits you!
You die...

##....
#......
#.....
#.~~.~##
#.~~.~
#~~~~~~#
#~~~~~
#~~~~~~#
#~~~~~
#~~~~~~#
#~~~~~
#~SJ~~~#
#~~~~~
#FFS~~~#
#~~~~~
#~@l~~~#
#~~~~~
#~.~~~~#
#~~~~~
#~.~~~~#
#~~~~.
#~~~~~~#
#~~.(~
#~#~~~~#
##..~~
#~~~~~~#
#~~~~~
#~~~~~~#
#~~~~~
#~~~~~~#
#~%~~~
#~~~~~~#
#~~~~~


You could see 2 bullfrogs, an endoplasm, 2 ball pythons and a frilled lizard.

Vanquished Creatures
  10 adders
  4 river rats (Sewer)
  3 ribbon worms
  An orc (D:2)
  3 endoplasms
  3 giant cockroaches
  A goblin (D:2)
  2 hobgoblins
  2 jackals (D:2)
  6 kobolds
  6 quokkas
  15 ball pythons
  5 bats
  3 frilled lizards
  22 rats
86 creatures vanquished.

Notes
Turn   | Place    | Note
-------+----------+-------------------------------------------
     0 | D:1      | qw the Spriggan Hunter began the quest for the Orb.
     0 | D:1      | Reached XP level 1. HP: 10/10 MP: 2/2
     0 | D:1      | 0 ||| qw: Version: 0.3-a-160-g6735b56
     0 | D:1      | 0 ||| qw: Game counter: 6130
     0 | D:1      | 0 ||| qw: Melee chars always use a shield: true
     0 | D:1      | 0 ||| qw: God list: Okawaru
     0 | D:1      | 0 ||| qw: Allow faded altars: false
     0 | D:1      | 0 ||| qw: Do Orc after clearing Dungeon:15 true
     0 | D:1      | 0 ||| qw: Do second Lair branch before Depths: true
     0 | D:1      | 0 ||| qw: Lair rune preference: random
     0 | D:1      | 0 ||| qw: Goals: Normal
     0 | D:1      | 0 ||| PLANNING D:1-11
    25 | D:1      | Reached skill level 3 in Dodging
   272 | D:1      | Reached XP level 2. HP: 14/14 MP: 3/3
   685 | D:1      | 685 ||| UPGRADING to ring of positive energy.
   686 | D:1      | 686 ||| READING scroll labelled JIF QUMECHIB.
   705 | D:1      | 705 ||| READING scroll labelled OTIOCWA FUECE.
   705 | D:1      | 705 ||| IDENTIFYING scroll labelled SUOVAUS MEVOF
   706 | D:1      | 706 ||| DROPPING scroll of butterflies.
   707 | D:1      | 707 ||| DROPPING scroll of immolation.
   742 | D:2      | Found a bloodstained altar of Trog.
   753 | D:2      | Reached XP level 3. HP: 18/18 MP: 4/4
  1413 | D:2      | 1413 ||| READING scroll of identify.
  1413 | D:2      | 1413 ||| IDENTIFYING fizzy emerald potion
  1414 | D:2      | 1414 ||| READING 2 scrolls labelled PACHETHRIUCS.
  1419 | D:2      | 1419 ||| DROPPING potion of attraction.
  1432 | D:3      | Found a blossoming altar of Fedhas.
  1433 | D:3      | 1433 ||| PLANNING SEWER
  1436 | D:3      | Found a sacrificial altar of Ru.
  1436 | D:3      | Found a runed translucent gate.
  1436 | D:3      | Found a hide-covered altar of Uskayaw.
  1436 | D:3      | Found a runed translucent gate.
  1436 | D:3      | Found an ornate altar of the Wu Jian Council.
  1449 | D:3      | Found a runed translucent gate.
  1480 | D:3      | Noticed qw's ghost (amateur SpHu)
  1481 | D:3      | Noticed qw's ghost (amateur DEHu)
  1555 | D:3      | Reached XP level 4. HP: 22/22 MP: 5/5
  1859 | D:3      | Found a glowing drain.
  1861 | D:3      | 1861 ||| UPGRADING to +0 cloak.
  1866 | D:3      | 1866 ||| READING scroll labelled PUATIM RUIZIMAHIU.
  1872 | Sewer    | Entered a sewer
  1909 | Sewer    | Reached XP level 5. HP: 26/26 MP: 6/6
  2119 | Sewer    | HP: 6/26 [bullfrog (5)]
  2119 | Sewer    | Slain by a bullfrog

Levels and vault maps discovered:
D:1:      orjb1_lava_funnel, layout_basic
D:2:      layout_loops_cross, basic_altar, grunt_ministairs_6
D:3:      layout_basic, grunt_temple_overflow_open, gammafunk_ghost_cemetery,
          gup_sewer_entry_bubbles, serial_shops, nicolae_shop_hallway_plus,
          moated_statue, chequers_arboretum
Sewer:    sewer_minmay_w

Skill      XL: |  1  2  3  4 |
---------------+-------------+-----
Dodging        | 3 4 5 |  5.0
Ranged Weapons | 5 |  5.9
Fighting       | 2 |  2.0
Stealth        | |  1.5

Action                     |  1- 3 |  4- 6 || total
---------------------------+-------+-------++-------
   Fire: Shortbow          |   127 |   110 ||   237
    Use: Scroll            |     4 |     1 ||     5
 Armour: Robe              |    10 |    22 ||    32
  Dodge: Dodged            |    36 |    89 ||   125

Table legend:
 A = Non-vault XP
 B = Vault XP
 C = Vault XP percentage of total XP
 D = Non-vault monster count
 E = Vault monster count
 F = Vault count percentage of total count
                 A         B        C        D         E       F
            +---------+---------+-------+---------+---------+-------
      Total |     123 |     180 |  59.4 |      46 |      40 |  46.5
            +---------+---------+-------+---------+---------+-------
        D:1 |      25 |       0 |   0.0 |      17 |       0 |   0.0
        D:2 |      57 |       4 |   6.6 |      19 |       2 |   9.5
        D:3 |      41 |      27 |  39.7 |      10 |       7 |  41.2
      Sewer |       0 |     149 | 100.0 |       0 |      31 | 100.0
            +---------+---------+-------+---------+---------+-------
